 Dungeon Crawl Stone Soup version 0.21.1-1-g345015f (webtiles) character file.

38 kae the Insei (level 3, -2/28 HPs)
             Began as a Draconian Transmuter on June 4, 2018.
             Killed from afar by Terence (4 damage)
             ... with a wand of flame (19)
             ... on level 2 of the Dungeon.
             The game lasted 00:01:38 (1223 turns).

kae the Insei (Draconian Transmuter)                Turns: 1223, Time: 00:01:39

Health: -2/28      AC:  5    Str: 12    XL:     3   Next: 25%
Magic:  4/6        EV: 11    Int: 13    God:
Gold:   90         SH:  3    Dex: 12    Spells: 0/6 levels left

rFire    . . .     SeeInvis .     - Unarmed
rCold    . . .     Gourm    .   e - +0 buckler
rNeg     . . .     Faith    .   (armour unavailable)
rPois    .         Spirit   .   (helmet restricted)
rElec    .         Reflect  .   (no cloak)
rCorr    .         Harm     .   (no gloves)
MR       .....                  (no boots)
Stlth    +.........             (no amulet)
HPRegen  0.09/turn              (no ring)
MPRegen  0.10/turn              (no ring)

@: no status effects
A: unfitting armour, cold-blooded, AC +5
a: no special abilities


You were on level 2 of the Dungeon.
You were hungry.

You visited 1 branch of the dungeon, and saw 2 of its levels.

You collected 90 gold pieces.

Inventory:

Missiles
 a - 24 arrows
Armour
 e - a +0 buckler (worn)
Scrolls
 d - a scroll of remove curse {unknown}
Potions
 h - a potion of mutation
 j - a potion of degeneration {unknown}
 l - a potion of agility {unknown}
Books
 b - a book of Changes

   Spells                             Type                      Level
   a - Beastly Appendage              Transmutation                1
   b - Sticks to Snakes               Transmutation                2
   c - Spider Form                    Transmutation/Poison         3
   d - Ice Form                       Ice/Transmutation            4
   e - Blade Hands                    Transmutation                5
Comestibles
 c - a ration


   Skills:
 + Level 1.6 Fighting
 + Level 1.9 Dodging
 + Level 0.2 Shields
 * Level 3.5 Unarmed Combat
 + Level 2.1 Spellcasting
 * Level 2.5 Transmutations


You couldn't memorise any spells.
You knew the following spells:

 Your Spells              Type           Power        Failure   Level  Hunger
a - Beastly Appendage     Tmut           #.....       14%         1    ##.....
b - Sticks to Snakes      Tmut           #.......     22%         2    ###....
c - Spider Form           Tmut/Pois      #.........   56%         3    ####...


Dungeon Overview and Level Annotations

Branches:
Dungeon (2/15)

Altars:

Annotations:
D:2 1 runed door, Terence


Innate Abilities, Weirdness & Mutations

Your plain brown scales are hard. (AC +5)
You cannot fit into any form of body armour.
You are cold-blooded and may be slowed by cold attacks.


Message History

The puff of flame misses you.
You swap places.
You see here a stone.
Your ball python bites Terence but does no damage.
Your ball python barely misses Terence.
Terence hits your ball python with a short sword.
Your ball python dies!
What are your orders? t - Shout!
Orders for allies: a - Attack new target. p - Attack previous target. r - Retreat! s - Stop attacking. g - Guard the area. f - Follow me.
Anything else - Cancel.
Gang up on whom?
Press: ? - help, Dir - move target cursor, f/p - Terence
Aim: Terence, wielding a short sword, wearing a chain mail and carrying a wand of flame (20) (moderately wounded) Attack!
Terence zaps a wand.
The puff of flame hits you!
* * * LOW HITPOINT WARNING * * *
Terence zaps a wand.
The puff of flame hits you!
You die...

.######### @# .#
.# .########
.#.@S...#
.#.####.##########
.#.# ##.##.<.....#
..†# #..##§#####@#
######'####### #.#
.............###.#
.............#...#
........§....#...#
......§§§....##.##
....§≈§≈≈§...##@#
....≈.§.≈....##.#
...⌠..⌠..⌠..)'(.#


You could see Terence.

Vanquished Creatures
  A leopard gecko (D:2)
  9 bats
  6 goblins
  2 hobgoblins (D:1)
  2 ball pythons
  A frilled lizard (D:1)
  7 kobolds
  2 rats (D:1)
  2 plants (D:1)
32 creatures vanquished.

Vanquished Creatures (collateral kills)
  An adder (D:2)
1 creature vanquished.

Grand Total: 33 creatures vanquished

Notes
Turn   | Place    | Note
-------+----------+-------------------------------------------
     0 | D:1      | kae the Draconian Transmuter began the quest for the Orb.
     0 | D:1      | Reached XP level 1. HP: 16/16 MP: 3/3
   281 | D:1      | Reached XP level 2. HP: 21/23 MP: 5/5
   760 | D:2      | Reached XP level 3. HP: 15/28 MP: 6/6
   905 | D:2      | Learned a level 2 spell: Sticks to Snakes
   909 | D:2      | Learned a level 3 spell: Spider Form
  1061 | D:2      | Found a runed door.
  1141 | D:2      | Noticed Terence
  1223 | D:2      | Killed from afar by Terence

Action                   || total
-------------------------++-------
Melee: Unarmed           ||   199
       Tailslap          ||    22
       Kick              ||     8
       Headbutt          ||     4
       Punch             ||     2
 Cast: Beastly Appendage ||    10
       Sticks to Snakes  ||     4
  Use: Scroll            ||     4
  Eat: Chunk             ||     1
Armor: Skin              ||    52
Dodge: Dodged            ||   106
Block: Buckler           ||    12
